 Dungeon Crawl Stone Soup version 0.30-b1-2-g02819fbbbe (webtiles) character file.

Game seed: 1379451655268587071

730 prikolics the Sneak (level 7, -2/62 HPs)
             Began as a Naga Warper on Aug 15, 2023.
             Killed from afar by Maggie (8 damage)
             ... with a bolt of fire
             ... on level 6 of the Dungeon.
             The game lasted 00:38:11 (4760 turns).

prikolics the Sneak (Naga Warper)                   Turns: 4760, Time: 00:38:13

Health: -2/62      AC:  4    Str: 13    XL:     7   Next: 73%
Magic:  10/10      EV: 10    Int: 22    God:
Gold:   207        SH:  0    Dex: 10    Spells: 7/11 levels left

rFire   + + .        m - +1 sling (freeze)
rCold   x . .        (no shield)
rNeg    . . .        l - +0 robe {rF+}
rPois   +            (no helmet)
rElec   .            (no cloak)
rCorr   .            q - +0 pair of gloves
SInv    +            (no barding)
Will    .....        p - amulet of magic regeneration
Stlth   ++           h - +6 ring of intelligence
HPRegen 0.30/turn    g - ring of fire
MPRegen 0.52/turn

%: no passive effects
@: short of breath, invisible (expiring), very slow
A: AC +2, large, see invisible, deformed body, poison resistance, slowness 2,
spit poison 1, naga tail 1
a: Spit Poison


You were on level 6 of the Dungeon.
You visited 1 branch of the dungeon, and saw 6 of its levels.
You also visited: Sewer.

You collected 207 gold pieces.

Inventory:

Hand Weapons
 m - a +1 sling of freezing (weapon)
 r - the +4 whip of Perfectionism {spect, Stlth+}
   (You found it on level 3 of the Dungeon)

   Stlth:     It makes you more stealthy.
 y - a +0 trident
Missiles
 d - 5 boomerangs of dispersal
 e - 26 stones
Armour
 l - a +0 robe of fire resistance (worn)
 q - a +0 pair of gloves (worn)
Jewellery
 g - a ring of fire (right hand)
 h - a +6 ring of intelligence (left hand)
 p - an amulet of magic regeneration (around neck)
Scrolls
 a - a scroll of immolation {unknown}
 c - 5 scrolls of teleportation {unknown}
 j - a scroll of enchant armour {unknown}
 o - 2 scrolls of noise {unknown}
 s - a scroll of poison {unknown}
 u - a scroll of magic mapping {unknown}
 w - a scroll of amnesia {unknown}
 z - a scroll of identify {unknown}
Potions
 b - 2 potions of might
 i - a potion of brilliance {unknown}
 k - a potion of flight {unknown}
 n - 2 potions of heal wounds {unknown}
 t - 2 potions of cancellation {unknown}
 v - 3 potions of mutation {unknown}


   Skills:
 + Level 3.4 Fighting
 + Level 2.8 Polearms
 + Level 3.1 Ranged Weapons
 + Level 1.1 Throwing
 - Level 0.7 Armour
 + Level 2.8 Dodging
 * Level 4.7 Stealth
 + Level 2.5 Spellcasting
 * Level 2.6 Conjurations
 + Level 4.2 Translocations


You had 7 spell levels left.
You knew the following spells:

 Your Spells              Type           Power      Damage    Failure   Level
a - Blink                 Tloc           42%        N/A       3%          2
b - Searing Ray           Conj           28%        2d5       7%          2

Your spell library contained the following spells:

 Spells                   Type           Power      Damage    Failure   Level
 Apportation              Tloc           42%        N/A       2%          1
 Lesser Beckoning         Tloc           42%        N/A       3%          2
 Magic Dart               Conj           56%        1d5       4%          1
 Teleport Other           Tloc           21%        N/A       7%          3
 Beastly Appendage        Tmut           4%         N/A       13%         1
 Necrotise                Necr           8%         1d4       13%         1
 Summon Small Mammal      Summ           8%         N/A       13%         1
 Vhi's Electric Charge    Tloc/Air       24%        N/A       16%         3
 Cigotuvi's Dreadful Rot  Necr/Pois/Air  4%         N/A       21%         2
 Ensorcelled Hibernation  Hex/Ice        4%         N/A       21%         2
 Wereblood                Tmut           2%         N/A       21%         2
 Manifold Assault         Tloc           21%        N/A       22%         4
 Ignite Poison            Fire/Tmut/Pois 4%         N/A       36%         3
 Spider Form              Tmut/Pois      2%         N/A       36%         3
 Fulminant Prism          Conj/Hex       4%         3d5       58%         4
 Anguish                  Hex/Necr       1%         N/A       78%         4
 Freezing Cloud           Conj/Ice/Air   3%         6-21      94%         5


Dungeon Overview and Level Annotations

Branches:
Dungeon (6/15)              Sewer (visited)
 Temple: D:4-7

Altars:
Sif Muna
Uskayaw

Annotations:
D:4 Blork the orc, Natasha
D:6 Maggie


Innate Abilities, Weirdness & Mutations

Your serpentine skin is tough. (AC +2)
You have supernaturally acute eyesight. (SInv)
Armour fits poorly on your strangely shaped body.
Your system is resistant to poisons. (rPois)
You cover ground very slowly.
You can spit poison.
You have a snake-like lower body.


Message History

Maggie hits you with a +1 long sword of holy wrath!
* * * LOW HITPOINT WARNING * * *
Maggie casts a spell at something.
You feel better.
You feel a little less mighty now.
Fire: m) +1 sling (freeze)
Press: ? - help, Q - select action, (/) - cycle Shift-Dir - straight line, f/p - Maggie
Aim: Maggie, wielding a +1 long sword of holy wrath and wearing +0 swamp dragon scales (severely wounded, unable to see you, 60% to hit)
You shoot a sling bullet. The sling bullet hits Maggie!
The sling bullet freezes Maggie.
Maggie is almost dead.
Fire: m) +1 sling (freeze)
Press: ? - help, Q - select action, (/) - cycle Shift-Dir - straight line, f/p - Maggie
Aim: Maggie, wielding a +1 long sword of holy wrath and wearing +0 swamp dragon scales (almost dead, unable to see you, 60% to hit)
You shoot a sling bullet. The sling bullet barely misses Maggie.
You have got your breath back.
Maggie gestures at something while chanting.
Aiming: Spit Poison (1% risk of failure)
Press: ? - help, Shift-Dir - straight line, f/p - Maggie
Aim: Maggie, wielding a +1 long sword of holy wrath and wearing +0 swamp dragon scales (almost dead, wandering, unable to see you, hasn't noticed you, 65% to hit)
The splash of poison hits Maggie but does no damage.
Maggie is poisoned.
Maggie is almost dead.
Fire: m) +1 sling (freeze)
Press: ? - help, Q - select action, (/) - cycle Shift-Dir - straight line, f/p - Maggie
Aim: Maggie, wielding a +1 long sword of holy wrath and wearing +0 swamp dragon scales (almost dead, wandering, unable to see you, poisoned, hasn't noticed you, 60% to hit)
You shoot a sling bullet.
The sling bullet hits Maggie but does no damage.
Maggie is almost dead.
Fire: m) +1 sling (freeze)
Press: ? - help, Q - select action, (/) - cycle Shift-Dir - straight line, f/p - Maggie
Aim: Maggie, wielding a +1 long sword of holy wrath and wearing +0 swamp dragon scales (almost dead, wandering, unable to see you, poisoned, hasn't noticed you, 60% to hit)
You shoot a sling bullet. The sling bullet barely misses Maggie.
You flicker for a moment.
Maggie gestures at you while chanting. The bolt of fire hits you! You resist.
* * * LOW HITPOINT WARNING * * *
Maggie casts a spell at you. The bolt of fire hits you! You resist.
You die...

#.# .....#..#
#.#............
.#.#.#.#......##
....#..........
#.....#.......#
#.#........####
#...#.#..#.##### ♣♣
#.#..>.........#..♣.♣
#.###.#..@...#.........♣
......@..##.##.......P♣♣
.#####..##.##.....#.♣♣
#..##.##..#### ♣
#.........# #...#.#...#
#.........#########
#..(####..........#
#...# #<.###.#####


You could see Maggie (unable to see you, poisoned).

Vanquished Creatures
  Eustachio (D:5)
  A scorpion (D:5)
  A howler monkey (D:5)
  3 hounds (D:5)
  A gnoll bouda (D:5)
  2 jellies (Sewer)
  An orc priest (D:5)
  2 iguanas (D:5)
  A sleepcap (D:5)
  4 gnolls
  5 adders
  3 river rats
  5 worms
  4 orcs
  12 endoplasms
  5 giant cockroaches
  4 goblins
  4 hobgoblins
  4 jackals
  7 kobolds
  4 quokkas
  11 ball pythons
  4 bats
  4 frilled lizards
  9 rats
102 creatures vanquished.

Vanquished Creatures (others)
  A plant (D:2)
1 creature vanquished.

Grand Total: 103 creatures vanquished

Notes
Turn   | Place    | Note
-------+----------+-------------------------------------------
     0 | D:1      | prikolics the Naga Warper began the quest for the Orb.
     0 | D:1      | Reached XP level 1. HP: 19/19 MP: 3/3
   165 | D:1      | Reached XP level 2. HP: 13/26 MP: 5/5
   168 | D:1      | Learned a level 2 spell: Blink
   433 | D:1      | Reached XP level 3. HP: 8/33 MP: 2/6
  1621 | D:2      | Reached skill level 1 in Stealth
  1621 | D:2      | Reached XP level 4. HP: 40/40 MP: 7/7
  1784 | D:2      | Reached skill level 1 in Throwing
  2184 | D:3      | Found a shimmering blue altar of Sif Muna.
  2372 | D:3      | Identified the +4 whip of Perfectionism {spect, Stlth+}
  2422 | D:3      | Learned a level 2 spell: Searing Ray
  2767 | D:4      | Noticed Natasha
  2822 | D:4      | Noticed Blork the orc
  2826 | D:5      | Entered Level 5 of the Dungeon
  2974 | D:5      | Reached XP level 5. HP: 27/48 MP: 8/8
  3095 | D:5      | Reached skill level 1 in Ranged Weapons
  3095 | D:5      | Reached skill level 1 in Conjurations
  3155 | D:5      | Found a glowing drain.
  3196 | Sewer    | Entered a sewer
  3339 | Sewer    | Reached XP level 6. HP: 55/56 MP: 9/9
  3438 | Sewer    | Found a viscous altar of Jiyva.
  3723 | D:5      | Noticed Eustachio
  3737 | D:5      | Killed Eustachio
  3738 | D:5      | Reached XP level 7. HP: 13/62 MP: 10/10
  4413 | D:5      | Found a hide-covered altar of Uskayaw.
  4415 | D:5      | Noticed a +0 hand axe
  4415 | D:5      | Noticed a +0 dagger
  4540 | D:6      | Noticed Maggie
  4760 | D:6      | Killed from afar by Maggie

Illustrated notes

Levels and vault maps discovered:
D:1:      wheals_arrival_linesprint, layout_loops_cross
D:2:      layout_loops_ring, serial_forest, infiniplex_forest_clump_diagonal,
          infiniplex_forest_lined_3, infiniplex_forest_end_1,
          infiniplex_forest_corner_1, infiniplex_forest_clump_C,
          infiniplex_forest_lined_3_way
D:3:      layout_basic, old_standard_altar
D:4:      kb_forest_paths, layout_rooms, worldfamousw_hep_ancestral_shrine,
          overflow_temple_1_default, mainiacjoe_overflow_cross_hatched,
          uniq_natasha, uniq_blork_the_orc
D:5:      layout_gridville, dancing_weapons_uskayaw, portal_sewer_entry_e,
          uniq_eustachio
D:6:      layout_basic, nicolae_gozag_seed_capital,
          nemelex_xobeh_ov_fountains_minmay, mainiacjoe_overflow_tiny_flanked,
          nicolae_wooded_promenade, sigmund_army, uniq_duvessa,
          uniq_crazy_yiuf_cottage, uniq_maggie, uniq_edmund

Skill      XL: |  1  2  3  4  5  6  7 |
---------------+----------------------+-----
Translocations | 4 |  4.2
Stealth        | 1 2 4 |  4.7
Throwing       | 1 |  1.1
Ranged Weapons | 1 2 3 |  3.1
Dodging        | 2 |  2.8
Conjurations   | 1 2 |  2.6
Fighting       | 3 |  3.4
Polearms       | |  2.8
Armour         | |  0.7
Spellcasting   | |  2.5

Action                     |  1- 3 |  4- 6 |  7- 9 || total
---------------------------+-------+-------+-------++-------
  Melee: Spear             |    78 |    83 |       ||   161
   Fire: Sling             |       |    97 |    56 ||   153
  Throw: Stone             |    13 |       |       ||    13
         Boomerang         |     2 |       |       ||     2
   Cast: Blink             |     3 |     4 |    12 ||    19
         Searing Ray       |       |     5 |     5 ||    10
Ability: Spit Poison       |    36 |    38 |    24 ||    98
    Use: Scroll            |     1 |       |       ||     1
         Potion            |       |       |     6 ||     6
   Stab: Sleeping          |     2 |       |       ||     2
 Armour: Leather armour    |    22 |       |       ||    22
         Robe              |     1 |    53 |     6 ||    60
  Dodge: Dodged            |    34 |   102 |    28 ||   164
